 Dungeon Crawl Stone Soup version 0.24.1-14-gf8d2b509d9 (webtiles) character file.

Game seed: 8466317652289820303, levelgen mode: deterministic

621 KlarStein the Cutter (level 7, -1/53 HPs)
             Began as a Demonspawn Gladiator on Oct 8, 2020.
             Killed from afar by Dowan (9 damage)
             ... with a stone arrow
             ... on level 4 of the Dungeon.
             The game lasted 00:13:18 (2886 turns).

KlarStein the Cutter (Demonspawn Gladiator)         Turns: 2886, Time: 00:13:19

Health: -1/53      AC:  7    Str: 14    XL:     7   Next: 22%
Magic:  7/7        EV: 14    Int: 10    God:
Gold:   228        SH:  0    Dex: 16    Spells: 6/6 levels left

rFire    + . .     SeeInvis .   e - +4 dagger
rCold    + . .     Gourm    .   (no shield)
rNeg     . . .     Faith    .   g - +2 robe {rF+}
rPois    .         Spirit   .   (helmet restricted)
rElec    .         Reflect  .   (no cloak)
rCorr    .         Harm     .   (no gloves)
MR       .....                  q - +0 pair of boots
Stlth    ++........             (no amulet)
HPRegen  0.17/turn              v - ring of wizardry
MPRegen  0.10/turn              (no ring)

@: hasted, very quick
A: horns 2, iridescent scales 1, cold resistance 1
a: no special abilities


You were on level 4 of the Dungeon.
You were not hungry.

You visited 1 branch of the dungeon, and saw 4 of its levels.

You collected 228 gold pieces.

Inventory:

Hand Weapons
 a - a +0 rapier
 e - a +4 dagger (weapon)
 u - a +0 club
Missiles
 d - 3 throwing nets (quivered)
 i - 15 poisoned darts
Armour
 g - a +2 robe of fire resistance (worn)
 q - a +0 pair of boots (worn)
Jewellery
 v - a ring of wizardry (left hand)
Scrolls
 c - a scroll of magic mapping {unknown}
 h - a scroll of random uselessness {unknown}
 j - a scroll of immolation {unknown}
 m - 2 scrolls of remove curse
 r - a scroll of enchant weapon {unknown}
 t - a scroll of amnesia {unknown}
Potions
 l - a potion of flight
 o - 2 potions of brilliance
 p - 5 potions of lignification
 w - a potion of curing {unknown}
Comestibles
 b - 4 chunks of flesh
 f - 9 rations


   Skills:
 + Level 3.9 Fighting
 * Level 5.2 Short Blades
 - Level 2.0 Throwing
 + Level 4.1 Dodging
 + Level 3.0 Stealth


You had 6 spell levels left.
You didn't know any spells.
Your spell library was empty.

Dungeon Overview and Level Annotations

Branches:
Dungeon (4/15)             Temple (0/1) D:4

Altars:

Annotations:
D:4 Dowan


Innate Abilities, Weirdness & Mutations

You have a pair of horns on your head.
You are partially covered in iridescent scales. (AC +2)
Your flesh is cold resistant. (rC+)


Message History

You hit Dowan but do no damage. You headbutt Dowan.
Dowan is moderately wounded.
Dowan hits you with a +0 long sword!
* * * LOW HITPOINT WARNING * * *
You hit Dowan.
Dowan is moderately wounded.
You closely miss Dowan.
Dowan is moderately wounded.
Dowan closely misses you.
You hit Dowan. You headbutt Dowan!
Dowan is severely wounded.
You closely miss Dowan.
Dowan is severely wounded.
Dowan gestures at you while chanting. The stone arrow misses you.
You miss Dowan.
Dowan is heavily wounded.
Dowan gestures at you while chanting. The stone arrow hits you!
You die...

#.### ...... #...#
#.#.#.#.#.#. ###.#
#...........
##.#####.#.......#.
#..................
#........#...>...#.
#......#...........
#........#.......#.
#..........@)......
#......#.#.#e#.#.#.
#......#...=...
#......#..##.....
#......##.. .......
############...<...
....... #......


You could see Dowan.

Vanquished Creatures
  Sigmund (D:2)
  Duvessa (D:4)
  A scorpion (D:2)
  A water moccasin skeleton (D:4)
  An orc wizard (D:3)
  An orc priest (D:3)
  A bullfrog skeleton (D:4)
  5 adders
  4 gnolls (D:2)
  2 oozes
  An adder skeleton (D:4)
  2 worms (D:2)
  2 dart slugs (D:2)
  5 leopard geckos
  8 orcs
  3 giant cockroaches
  6 goblins
  8 hobgoblins
  12 jackals
  A quokka (D:2)
  2 ball pythons (D:3)
  7 bats
  5 kobolds
  7 rats
87 creatures vanquished.

Notes
Turn   | Place    | Note
-------+----------+-------------------------------------------
     0 | D:1      | KlarStein the Demonspawn Gladiator began the quest for the
                  | Orb.
     0 | D:1      | Reached XP level 1. HP: 16/16 MP: 1/1
    63 | D:1      | Gained mutation: You have a pair of small horns on your
                  | head. [demonic ancestry]
    63 | D:1      | Reached XP level 2. HP: 8/22 MP: 2/2
   200 | D:1      | Reached skill level 3 in Short Blades
   360 | D:1      | Gained mutation: You have a pair of horns on your head.
                  | [demonic ancestry]
   360 | D:1      | Reached XP level 3. HP: 22/28 MP: 3/3
   684 | D:2      | Reached skill level 1 in Stealth
   948 | D:2      | Noticed Sigmund
   962 | D:2      | Gained mutation: You are partially covered in iridescent
                  | scales. (AC +2) [demonic ancestry]
   962 | D:2      | Reached XP level 4. HP: 31/34 MP: 4/4
  1282 | D:2      | Reached skill level 4 in Short Blades
  1282 | D:2      | Reached XP level 5. HP: 24/40 MP: 5/5
  1789 | D:3      | Gained mutation: Your flesh is cold resistant. (rC+)
                  | [demonic ancestry]
  1789 | D:3      | Reached XP level 6. HP: 34/47 MP: 6/6
  1970 | D:2      | Killed Sigmund
  2776 | D:4      | Reached skill level 5 in Short Blades
  2784 | D:4      | Reached XP level 7. HP: 49/53 MP: 7/7
  2835 | D:4      | Found a staircase to the Ecumenical Temple.
  2836 | D:4      | Noticed Duvessa
  2857 | D:4      | Noticed Dowan
  2878 | D:4      | Killed Duvessa
  2886 | D:4      | Killed from afar by Dowan

Levels and vault maps discovered:
D:1:      zelgadis_glass_arrival_small, layout_rooms, serial_bayou_lake_a
D:2:      layout_rooms, first_ration, uniq_sigmund
D:3:      layout_loops_cross, serial_bayou_pond_e
D:4:      layout_rooms, minmay_temple_entry_glass, uniq_duvessa

Skill      XL: |  1  2  3  4  5  6  7 |
---------------+----------------------+-----
Short Blades   | 3 4 5 |  5.2
Throwing       | 2 |  2.0
Dodging        | 3 4 |  4.1
Stealth        | 1 2 3 |  3.0
Fighting       | 3 |  3.9

Action                   |  1- 3 |  4- 6 |  7- 9 || total
-------------------------+-------+-------+-------++-------
Melee: Rapier            |    24 |       |       ||    24
       Dagger            |    80 |   156 |    31 ||   267
       Headbutt          |    13 |    25 |     8 ||    46
  Use: Scroll            |     1 |     4 |     2 ||     7
       Potion            |       |     1 |     2 ||     3
 Stab: Sleeping          |       |     7 |       ||     7
       Invisible         |       |     1 |       ||     1
  Eat: Chunk             |       |     6 |       ||     6
Armor: Leather armour    |    15 |    17 |       ||    32
       Robe              |       |     7 |     5 ||    12
Dodge: Dodged            |    59 |    73 |     4 ||   136
